WCHLSIM.com - West Coast Hockey League
html PUBLIC "-//W3C//DTD XHTML 1.0 Transitional//EN" "http://www.w3.org/TR/xhtml1/DTD/xhtml1-transitional.dtd"> WCHL - Game 837 - TEXAS TOROS vs KANSAS CITY KILLERBEES

TEXAS TOROS vs KANSAS CITY KILLERBEES

Created - 15 février 2020 at 09:58

Goals
1 2 3 T
TEXAS TOROS 0 0 0 0
KANSAS CITY KILLERBEES 1 3 0 4
Shots
1 2 3 T
TEXAS TOROS 4 6 6 16
KANSAS CITY KILLERBEES 14 17 12 43

1st period

1. KANSAS CITY KILLERBEES , Hampus Lindholm 3 (Marcus Foligno 13, Paul Stastny 20) at 8:26

Penalties :
Dmitry Kulikov (TEX) for Hooking (Minor) at 2:17

2nd period

2. KANSAS CITY KILLERBEES , Sean Couturier 24 (Mark Stone 51) at 4:52 (PP)
3. KANSAS CITY KILLERBEES , Sean Couturier 25 (Mark Stone 52) at 9:56
4. KANSAS CITY KILLERBEES , Paul Stastny 20 (Mattias Janmark 8, Jacob Muzzin 8) at 18:44 (PP)

Penalties :
Erik Johnson (TEX) for Goalie Interference (Minor) at 0:33, Jake Virtanen (TEX) for Interference (Minor) at 4:30, Erik Johnson (TEX) for Roughing (Minor) at 15:57, Erik Johnson (TEX) for Hooking (Minor) at 18:12

3rd period

No Goal

Penalties :
David Savard (TEX) for Hooking (Minor) at 2:45, David Savard (TEX) for Hooking (Minor) at 13:33, Charlie Coyle (KCK) for Holding (Minor) at 19:58, Erik Gustafsson (TEX) for High sticking (Minor) at 19:58

Goalie Stats

Cory Schneider (TEX), 39 saves from 43 shots - (0,907), L, 13-15-1, 60:00 minutes
John Gibson (KCK), 16 saves from 16 shots - (1,000), W, 28-14-6, 60:00 minutes

Players Stats for TEXAS TOROS

Player Name              G  A  P  +/- PIM S  H  SB GA TA FO     MP     PP MP  PK MP  
------------------------------------------------------------------------------------
Alexander Wennberg       0  0  0   0  0   0  0  1  0  0  9/19   18:03   0:00   4:29 
Brock McGinn             0  0  0   0  0   1  2  0  0  0  0/3    13:34   0:00   0:00 
David Savard             0  0  0  -1  4   0  3  1  0  0  0/0    19:38   0:00   2:42 
Derek Stepan             0  0  0   0  0   3  1  0  0  0  22/34  23:17   0:00   6:20 
Dmitry Kulikov           0  0  0  -1  2   1  1  2  0  0  0/0    14:20   0:00   0:06 
Erik Gustafsson          0  0  0  -1  2   0  5  7  0  0  0/0    21:34   0:00   4:38 
Erik Johnson             0  0  0   0  6   1  1  4  0  0  0/0    21:19   0:00   3:32 
Jack Roslovic            0  0  0  -2  0   0  0  0  0  0  0/0     5:24   0:00   0:00 
Jake Virtanen            0  0  0   0  2   5  1  0  0  0  0/0    13:33   0:00   0:00 
Johan Larsson            0  0  0   0  0   2  1  1  0  0  5/8    13:25   0:00   0:00 
Justin Abdelkader        0  0  0   0  0   0  1  0  0  0  1/4    21:25   0:00   4:29 
Madison Bowey            0  0  0  -1  0   0  1  3  0  0  0/0    18:32   0:00   4:18 
Nathan Walker            0  0  0  -2  0   0  0  0  0  0  1/3     5:24   0:00   0:00 
Nick Cousins             0  0  0   0  0   0  0  0  0  0  0/3    13:25   0:00   0:00 
Nikolaj Ehlers           0  0  0   0  0   2  0  0  0  0  0/1    23:08   0:00   6:20 
Riley Nash               0  0  0  -2  0   0  0  0  0  0  1/7     5:24   0:00   0:00 
Sven Baertschi           0  0  0   0  0   0  0  0  0  0  0/0    13:25   0:00   0:00 
Tyson Barrie             0  0  0   0  0   1  0  0  0  0  0/0    24:12   0:00   6:22 

Players Stats for KANSAS CITY KILLERBEES

Player Name              G  A  P  +/- PIM S  H  SB GA TA FO     MP     PP MP  PK MP  
------------------------------------------------------------------------------------
Alexander DeBrincat      0  0  0   1  0   2  1  0  0  0  0/3    20:36   5:12   0:00 
Artturi Lehkonen         0  0  0   0  0   3  0  0  0  0  0/0    15:36   0:00   0:00 
Cam Fowler               0  0  0   0  0   2  0  0  0  0  0/0    17:24   0:00   0:00 
Charlie Coyle            0  0  0   0  2   4  0  0  0  0  4/11   15:35   0:00   0:00 
Colin Miller             0  0  0   1  0   0  1  0  0  0  0/0    19:28   5:31   0:00 
Dylan DeMelo             0  0  0   0  0   0  3  0  0  0  0/0    22:42   5:18   0:00 
Hampus Lindholm          1  0  1   1  0   2  1  1  0  0  0/0    23:21   5:31   0:00 
Jacob Muzzin             0  1  1   1  0   2  0  0  0  0  0/0    23:08   5:18   0:00 
Marcus Foligno           0  1  1   1  0   3  2  0  0  0  0/0    15:33   0:00   0:00 
Mark Pysyk               0  0  0   1  0   0  0  0  0  0  0/0    13:57   0:00   0:00 
Mark Stone               0  2  2   1  0   5  0  0  0  0  0/0    20:37   5:12   0:00 
Mattias Janmark          0  1  1   0  0   0  2  0  0  0  0/1     8:14   5:37   0:00 
Paul Stastny             1  1  2   1  0   5  0  0  0  0  20/29  20:14   5:37   0:00 
Peter Cehlarik           0  0  0   0  0   0  0  0  0  0  0/0     0:00   0:00   0:00 
Ryan Kesler              0  0  0   0  0   0  0  0  0  0  3/5     2:37   0:00   0:00 
Sean Couturier           2  0  2   1  0   13 2  1  0  0  15/29  21:33   5:12   0:00 
Tyler Ennis              0  0  0   0  0   0  2  0  0  0  0/2    18:13   0:00   0:00 
William Nylander         0  0  0   1  0   2  0  0  0  0  1/2    21:10   5:37   0:00 

3 Stars

1 - Sean Couturier (KCK)
2 - Paul Stastny (KCK)
3 - John Gibson (KCK)

Power Play

TEXAS TOROS - 0 on 0 Attempt(s) - 0,00%
KANSAS CITY KILLERBEES - 2 on 7 Attempt(s) - 28,57%

Penalty Kill

TEXAS TOROS - 5 on 7 Attempt(s) - 71,43% - Score 0 goal in Penalty Kill
KANSAS CITY KILLERBEES - 0 on 0 Attempt(s) - 0,00% - Score 0 goal in Penalty Kill

Team Stat

TEXAS TOROS - Hits : 17 - Faceoff Wins : 39 - Blocked Shots : 19 - Penalty Minutes : 16
KANSAS CITY KILLERBEES - Hits : 14 - Faceoff Wins : 43 - Blocked Shots : 2 - Penalty Minutes : 2

Official

Referees : Chris Brown and Rob Martell
Linesman : Mike Anderson and Brad Kovachik

Game Notes

Paul Stastny is injured at 17:52 of 3rd period (Bruised Right Arm)

Finance

Level 1 -- Attendance: 6500 (100,00%) -- Ticket Income 682 500 $
Level 2 -- Attendance: 5300 (100,00%) -- Ticket Income 339 200 $
Level 3 -- Attendance: 2500 (100,00%) -- Ticket Income 97 500 $
Level 4 -- Attendance: 4200 (100,00%) -- Ticket Income 117 600 $
Luxury Box -- Attendance: 1020 (100,00%) -- Ticket Income 206 040 $
Game was played at the Missouri Beehive Complex.
Total Attendance: 19520 (100,00%)
Total Ticket Income: 1 442 840 $
Other Income: 432 852 $
Total Income: 1 875 692 $

TEXAS TOROS

5 vs 5 Forward 
   Center                   Left Wing                Right Wing               Time % Phy DF OF 
 1 Derek Stepan             Nikolaj Ehlers           Justin Abdelkader        36     1   2  2  
 2 Alexander Wennberg       Brock McGinn             Jake Virtanen            31     1   2  2  
 3 Johan Larsson            Nick Cousins             Sven Baertschi           23     1   2  2  
 4 Riley Nash               Nathan Walker            Jack Roslovic            10     1   2  2  

5 vs 5 Defense 
   Defense                  Defense                                           Time % Phy DF OF 
 1 Erik Johnson             Tyson Barrie                                      36     1   2  2  
 2 Erik Gustafsson          David Savard                                      31     1   2  2  
 3 Dmitry Kulikov           Madison Bowey                                     23     1   2  2  
 4 Erik Johnson             Tyson Barrie                                      10     1   2  2  

PowerPlay Forward 
   Center                   Left Wing                Right Wing               Time % Phy DF OF 
 1 Derek Stepan             Nikolaj Ehlers           Justin Abdelkader        55     1   2  2  
 2 Alexander Wennberg       Brock McGinn             Jake Virtanen            45     1   2  2  

PowerPlay Defense
   Defense                  Defense                                           Time % Phy DF OF 
 1 Erik Johnson             Tyson Barrie                                      55     1   2  2  
 2 Erik Gustafsson          David Savard                                      45     1   2  2  

Penalty Kill 4 Players Forward 
   Center                   Wing                     Time % Phy DF OF 
 1 Derek Stepan             Nikolaj Ehlers           55     1   2  2  
 2 Justin Abdelkader        Alexander Wennberg       45     1   2  2  

Penalty Kill 4 Players Defense
   Defense                  Defense                  Time % Phy DF OF 
 1 Erik Johnson             Tyson Barrie             55     1   2  2  
 2 Erik Gustafsson          David Savard             45     1   2  2  

Penalty Kill - 3 Players Forward 
   Forward                                           Time % Phy DF OF 
 1 Derek Stepan                                      55     1   2  2  
 2 Nikolaj Ehlers                                    45     1   2  2  

Penalty Kill - 3 Players Defense
   Defense                  Defense                  Time % Phy DF OF 
 1 Erik Johnson             Tyson Barrie             55     1   2  2  
 2 Erik Gustafsson          David Savard             45     1   2  2  

4 vs 4 Forward 
   Center                   Wing                     Time % Phy DF OF 
 1 Derek Stepan             Nikolaj Ehlers           55     1   2  2  
 2 Justin Abdelkader        Alexander Wennberg       45     1   2  2  

4 vs 4 Defense
   Defense                  Defense                  Time % Phy DF OF 
 1 Erik Johnson             Tyson Barrie             55     1   2  2  
 2 Erik Gustafsson          David Savard             45     1   2  2  

Last Minutes Offensive
   Center                   Left Wing                Right Wing               Defense                  Defense                  
   Derek Stepan             Nikolaj Ehlers           Justin Abdelkader        Erik Johnson             Tyson Barrie             

Last Minutes Defensive
   Center                   Left Wing                Right Wing               Defense                  Defense                  
   Derek Stepan             Nikolaj Ehlers           Justin Abdelkader        Erik Johnson             Tyson Barrie             

Goaltenders
Starting : Cory Schneider           
Backup : Christopher Gibson       

Extra Forwards
Normal : Johan Larsson, Nick Cousins, Sven Baertschi - PP : Johan Larsson, Nick Cousins - PK : Sven Baertschi
Extra Defensemen
Normal : Dmitry Kulikov, Madison Bowey, Erik Gustafsson - PP : Dmitry Kulikov - PK : Madison Bowey, Erik Gustafsson
Penalty Shots
Derek Stepan, Nikolaj Ehlers, Justin Abdelkader, Alexander Wennberg, Brock McGinn
Custom OT Lines Forwards
Derek Stepan, Nikolaj Ehlers, Justin Abdelkader, Alexander Wennberg, Brock McGinn, Jake Virtanen, Johan Larsson, Nick Cousins, Sven Baertschi, Riley Nash
Custom OT Lines Defensemen
Erik Johnson, Tyson Barrie, Erik Gustafsson, David Savard, Dmitry Kulikov

Scratches
Braydon Coburn (Healthy), Sergei Boikov (Healthy), Christoffer Ehn (Healthy), Johnathan Kovacevic (Healthy), Patrick Russell (Healthy)
Ryan Sproul (Healthy), Ryan Olsen (Healthy)

KANSAS CITY KILLERBEES

5 vs 5 Forward 
   Center                   Left Wing                Right Wing               Time % Phy DF OF 
 1 Sean Couturier           Alexander DeBrincat      Mark Stone               31     1   2  2  
 2 Paul Stastny             Marcus Foligno           William Nylander         31     1   2  2  
 3 Charlie Coyle            Artturi Lehkonen         Tyler Ennis              30     1   2  2  
 4 Ryan Kesler              Tyler Ennis              Mattias Janmark          8      1   2  2  

5 vs 5 Defense 
   Defense                  Defense                                           Time % Phy DF OF 
 1 Hampus Lindholm          Jacob Muzzin                                      36     1   2  2  
 2 Cam Fowler               Dylan DeMelo                                      35     1   2  2  
 3 Mark Pysyk               Colin Miller                                      28     1   2  2  
 4 Dylan DeMelo             Hampus Lindholm                                   1      1   2  2  

PowerPlay Forward 
   Center                   Left Wing                Right Wing               Time % Phy DF OF 
 1 Sean Couturier           Alexander DeBrincat      Mark Stone               55     1   2  2  
 2 Paul Stastny             Mattias Janmark          William Nylander         45     1   2  2  

PowerPlay Defense
   Defense                  Defense                                           Time % Phy DF OF 
 1 Colin Miller             Hampus Lindholm                                   50     1   2  2  
 2 Dylan DeMelo             Jacob Muzzin                                      50     1   2  2  

Penalty Kill 4 Players Forward 
   Center                   Wing                     Time % Phy DF OF 
 1 Charlie Coyle            Artturi Lehkonen         55     1   2  2  
 2 Mattias Janmark          Marcus Foligno           45     1   2  2  

Penalty Kill 4 Players Defense
   Defense                  Defense                  Time % Phy DF OF 
 1 Dylan DeMelo             Mark Pysyk               50     1   2  2  
 2 Hampus Lindholm          Cam Fowler               50     1   2  2  

Penalty Kill - 3 Players Forward 
   Forward                                           Time % Phy DF OF 
 1 Charlie Coyle                                     55     1   2  2  
 2 Ryan Kesler                                       45     1   2  2  

Penalty Kill - 3 Players Defense
   Defense                  Defense                  Time % Phy DF OF 
 1 Dylan DeMelo             Mark Pysyk               50     1   2  2  
 2 Hampus Lindholm          Cam Fowler               50     1   2  2  

4 vs 4 Forward 
   Center                   Wing                     Time % Phy DF OF 
 1 Sean Couturier           Mark Stone               55     1   2  2  
 2 Paul Stastny             Alexander DeBrincat      45     1   2  2  

4 vs 4 Defense
   Defense                  Defense                  Time % Phy DF OF 
 1 Jacob Muzzin             Hampus Lindholm          50     1   2  2  
 2 Colin Miller             Cam Fowler               50     1   2  2  

Last Minutes Offensive
   Center                   Left Wing                Right Wing               Defense                  Defense                  
   Sean Couturier           Alexander DeBrincat      Mark Stone               Colin Miller             Hampus Lindholm          

Last Minutes Defensive
   Center                   Left Wing                Right Wing               Defense                  Defense                  
   Sean Couturier           Marcus Foligno           Mark Stone               Jacob Muzzin             Hampus Lindholm          

Goaltenders
Starting : John Gibson              
Backup : Jonathan Bernier         

Extra Forwards
Normal : Sean Couturier, Mark Stone, Alexander DeBrincat - PP : Mark Stone, Alexander DeBrincat - PK : Marcus Foligno
Extra Defensemen
Normal : Hampus Lindholm, Jacob Muzzin, Cam Fowler - PP : Colin Miller - PK : Jacob Muzzin, Colin Miller
Penalty Shots
William Nylander, Alexander DeBrincat, Mark Stone, Sean Couturier, Charlie Coyle
Custom OT Lines Forwards
Sean Couturier, Mark Stone, William Nylander, Alexander DeBrincat, Paul Stastny, Marcus Foligno, Artturi Lehkonen, Charlie Coyle, Ryan Kesler, Mattias Janmark
Custom OT Lines Defensemen
Hampus Lindholm, Jacob Muzzin, Cam Fowler, Colin Miller, Dylan DeMelo

Scratches
Kyle Brodziak (Healthy), Hunter Shinkaruk (Healthy), Joseph LaBate (Healthy), Nikita Korostelev (Healthy), Vladislav Gavrikov (Healthy)
Eric Cornel (Healthy), Hunter Warner (Healthy), Jacob de la Rose (Healthy), Jan Rutta (Healthy), Rasmus Andersson (Healthy)
Reece Scarlett (Healthy), Steven Spinner (Healthy)

% Time on Ice - TEXAS TOROS

Lines # - Real PCT - Wanted PCT - Time Play
Normal Forward
1 - 34% - 36% - 16:47
2 - 28% - 31% - 13:34
3 - 27% - 23% - 13:25
4 - 11% - 10% - 5:24
Normal Defense
1 - 34% - 36% - 16:54
2 - 34% - 31% - 16:57
3 - 29% - 23% - 14:14
4 - 2% - 10% - 1:05
PP Forward
1 - 0% - 55%
2 - 0% - 45%
PP Defense
1 - 0% - 55%
2 - 0% - 45%
PK Forward
1 - 59% - 55% - 6:20
2 - 41% - 45% - 4:29
PK Defense
1 - 59% - 55% - 6:22
2 - 41% - 45% - 4:27
PK3 Forward
1 - 0% - 55%
2 - 0% - 45%
PK3 Defense
1 - 0% - 55%
2 - 0% - 45%
44 Forward
1 - 100% - 55% - 0:01
2 - 0% - 45% - 0:00
44 Defense
1 - 0% - 55% - 0:00
2 - 100% - 45% - 0:01
Last Minute Offensive  - 0:00
Last Minute Defensive  - 0:00
Total
Forward - 60:00
Defense - 60:00

% Time on Ice - KANSAS CITY KILLERBEES

Lines # - Real PCT - Wanted PCT - Time Play
Normal Forward
1 - 31% - 31% - 15:24
2 - 32% - 31% - 15:33
3 - 32% - 30% - 15:36
4 - 5% - 8% - 2:37
Normal Defense
1 - 36% - 36% - 17:49
2 - 35% - 35% - 17:24
3 - 28% - 28% - 13:57
4 - 0% - 1% - 0:00
PP Forward
1 - 48% - 55% - 5:12
2 - 52% - 45% - 5:37
PP Defense
1 - 51% - 50% - 5:31
2 - 49% - 50% - 5:18
PK Forward
1 - 0% - 55%
2 - 0% - 45%
PK Defense
1 - 0% - 50%
2 - 0% - 50%
PK3 Forward
1 - 0% - 55%
2 - 0% - 45%
PK3 Defense
1 - 0% - 50%
2 - 0% - 50%
44 Forward
1 - 100% - 55% - 0:01
2 - 0% - 45% - 0:00
44 Defense
1 - 100% - 50% - 0:01
2 - 0% - 50% - 0:00
Last Minute Offensive  - 0:00
Last Minute Defensive  - 0:00
Total
Forward - 60:00
Defense - 60:00

Play-by-Play

1st period


0:01 of 1st period - Derek Stepan wins face-off versus Sean Couturier in neutral zone.
0:01 of 1st period - Derek Stepan is hit by Alexander DeBrincat.
0:39 of 1st period - Shot by Derek Stepan.
0:39 of 1st period - Shot Misses the Net.
0:47 of 1st period - Shot by Mark Stone.
0:47 of 1st period - Stopped by Cory Schneider without a rebound.
0:48 of 1st period - Paul Stastny wins face-off versus Alexander Wennberg in TEXAS TOROS zone.
1:27 of 1st period - Cam Fowler is hit by Brock McGinn and loses puck.
1:44 of 1st period - Icing by Alexander Wennberg.
1:45 of 1st period - Alexander Wennberg wins face-off versus Charlie Coyle in TEXAS TOROS zone.
2:06 of 1st period - Shot by Johan Larsson.
2:06 of 1st period - Stopped by John Gibson without a rebound.
2:07 of 1st period - Sean Couturier wins face-off versus Nick Cousins in KANSAS CITY KILLERBEES zone.
2:17 of 1st period - Minor Penalty to Dmitry Kulikov for Hooking.
2:18 of 1st period - Sean Couturier wins face-off versus Derek Stepan in TEXAS TOROS zone.
2:27 of 1st period - Shot by Alexander DeBrincat.
2:27 of 1st period - Stopped by Cory Schneider without a rebound.
2:28 of 1st period - Derek Stepan wins face-off versus Sean Couturier in TEXAS TOROS zone.
2:47 of 1st period - Shot by Sean Couturier.
2:47 of 1st period - Stopped by Cory Schneider without a rebound.
2:48 of 1st period - William Nylander wins face-off versus Justin Abdelkader in TEXAS TOROS zone.
4:46 of 1st period - Shot by Charlie Coyle.
4:46 of 1st period - Stopped by Cory Schneider with a rebound.
4:48 of 1st period - Shot by Artturi Lehkonen.
4:48 of 1st period - Stopped by Cory Schneider without a rebound.
4:49 of 1st period - Paul Stastny wins face-off versus Nathan Walker in TEXAS TOROS zone.
4:52 of 1st period - Shot by Marcus Foligno.
4:52 of 1st period - Stopped by Cory Schneider without a rebound.
4:53 of 1st period - Paul Stastny wins face-off versus Riley Nash in TEXAS TOROS zone.
5:06 of 1st period - Shot by Marcus Foligno.
5:06 of 1st period - Stopped by Cory Schneider without a rebound.
5:07 of 1st period - Sean Couturier wins face-off versus Derek Stepan in TEXAS TOROS zone.
5:21 of 1st period - Shot by Sean Couturier.
5:21 of 1st period - Stopped by Cory Schneider with a rebound.
5:23 of 1st period - Shot by Mark Stone.
5:23 of 1st period - Shot Blocked by Erik Johnson.
5:25 of 1st period - Shot by Mark Stone.
5:25 of 1st period - Shot Misses the Net.
5:27 of 1st period - Shot by Sean Couturier.
5:27 of 1st period - Shot Misses the Net.
5:29 of 1st period - Shot by Sean Couturier.
5:29 of 1st period - Shot Blocked by Erik Johnson.
5:31 of 1st period - Shot by Mark Stone.
5:31 of 1st period - Shot Misses the Net.
5:33 of 1st period - Shot by Sean Couturier.
5:33 of 1st period - Shot Misses the Net.
5:35 of 1st period - Shot by Sean Couturier.
5:35 of 1st period - Stopped by Cory Schneider with a rebound.
5:37 of 1st period - Shot by Mark Stone.
5:37 of 1st period - Stopped by Cory Schneider with a rebound.
7:03 of 1st period - Shot by Marcus Foligno.
7:03 of 1st period - Deflect By Paul Stastny.
7:03 of 1st period - Shot Misses the Net.
7:15 of 1st period - Shot by William Nylander.
7:15 of 1st period - Shot Blocked by Dmitry Kulikov.
7:18 of 1st period - Icing by Dmitry Kulikov.
7:19 of 1st period - Sean Couturier wins face-off versus Alexander Wennberg in TEXAS TOROS zone.
7:28 of 1st period - Shot by Alexander DeBrincat.
7:28 of 1st period - Stopped by Cory Schneider without a rebound.
7:29 of 1st period - Johan Larsson wins face-off versus Sean Couturier in TEXAS TOROS zone.
7:46 of 1st period - Shot by Mark Stone.
7:46 of 1st period - Stopped by Cory Schneider without a rebound.
7:47 of 1st period - Paul Stastny wins face-off versus Riley Nash in TEXAS TOROS zone.
8:10 of 1st period - Shot by Marcus Foligno.
8:10 of 1st period - Shot Blocked by David Savard.
8:14 of 1st period - Shot by Paul Stastny.
8:14 of 1st period - Shot Blocked by Erik Gustafsson.
8:16 of 1st period - Shot by Hampus Lindholm.
8:16 of 1st period - Shot Misses the Net.
8:18 of 1st period - Shot by William Nylander.
8:18 of 1st period - Shot Misses the Net.
8:20 of 1st period - Shot by Paul Stastny.
8:20 of 1st period - Shot Misses the Net.
8:22 of 1st period - Shot by Marcus Foligno.
8:22 of 1st period - Shot Misses the Net.
8:24 of 1st period - Shot by Marcus Foligno.
8:24 of 1st period - Shot Misses the Net.
8:26 of 1st period - Shot by Hampus Lindholm.
8:26 of 1st period - Goal by Hampus Lindholm - TEXAS TOROS : 0 - KANSAS CITY KILLERBEES : 1.
8:27 of 1st period - Derek Stepan wins face-off versus Charlie Coyle in neutral zone.
9:29 of 1st period - Icing by Mark Stone.
9:30 of 1st period - Johan Larsson wins face-off versus Sean Couturier in KANSAS CITY KILLERBEES zone.
9:33 of 1st period - Shot by Johan Larsson.
9:33 of 1st period - Stopped by John Gibson without a rebound.
9:34 of 1st period - Paul Stastny wins face-off versus Johan Larsson in KANSAS CITY KILLERBEES zone.
10:18 of 1st period - Paul Stastny is hit by Johan Larsson and loses puck.
10:47 of 1st period - Shot by Alexander Wennberg.
10:47 of 1st period - Shot Misses the Net.
10:49 of 1st period - Shot by Jake Virtanen.
10:49 of 1st period - Shot Misses the Net.
11:07 of 1st period - Shot by Jake Virtanen.
11:07 of 1st period - Stopped by John Gibson without a rebound.
11:08 of 1st period - Ryan Kesler wins face-off versus Nikolaj Ehlers in KANSAS CITY KILLERBEES zone.
11:16 of 1st period - Off-side.
11:17 of 1st period - Ryan Kesler wins face-off versus Derek Stepan in neutral zone.
11:29 of 1st period - Off-side.
11:30 of 1st period - Sean Couturier wins face-off versus Alexander Wennberg in neutral zone.
11:32 of 1st period - Off-side.
11:33 of 1st period - Alexander Wennberg wins face-off versus Charlie Coyle in neutral zone.
12:34 of 1st period - Shot by Derek Stepan.
12:34 of 1st period - Stopped by John Gibson without a rebound.
12:35 of 1st period - Paul Stastny wins face-off versus Nick Cousins in KANSAS CITY KILLERBEES zone.
13:00 of 1st period - Icing by Dylan DeMelo.
13:01 of 1st period - Derek Stepan wins face-off versus Paul Stastny in KANSAS CITY KILLERBEES zone.
13:01 of 1st period - Derek Stepan is hit by Dylan DeMelo.
13:35 of 1st period - Icing by Dmitry Kulikov.
13:36 of 1st period - Derek Stepan wins face-off versus Sean Couturier in TEXAS TOROS zone.
15:03 of 1st period - Shot by Tyler Ennis.
15:03 of 1st period - Shot Misses the Net.
15:25 of 1st period - Shot by William Nylander.
15:25 of 1st period - Deflect By Paul Stastny.
15:25 of 1st period - Shot Blocked by Madison Bowey.
15:27 of 1st period - Shot by Paul Stastny.
15:27 of 1st period - Shot Misses the Net.
15:43 of 1st period - Shot by William Nylander.
15:43 of 1st period - Shot Blocked by Madison Bowey.
15:45 of 1st period - Shot by Marcus Foligno.
15:45 of 1st period - Shot Misses the Net.
15:47 of 1st period - Shot by Cam Fowler.
15:47 of 1st period - Stopped by Cory Schneider with a rebound.
15:49 of 1st period - Shot by Paul Stastny.
15:49 of 1st period - Shot Misses the Net.
16:22 of 1st period - Icing by Alexander Wennberg.
16:23 of 1st period - Sean Couturier wins face-off versus Brock McGinn in TEXAS TOROS zone.
16:33 of 1st period - Icing by Erik Johnson.
16:34 of 1st period - Alexander Wennberg wins face-off versus Charlie Coyle in TEXAS TOROS zone.
16:34 of 1st period - Alexander Wennberg is hit by Tyler Ennis.
16:40 of 1st period - Hampus Lindholm is hit by Jake Virtanen and loses puck.
17:17 of 1st period - Hampus Lindholm is hit by Erik Gustafsson and loses puck.
18:03 of 1st period - Shot by Alexander DeBrincat.
18:03 of 1st period - Shot Blocked by Erik Gustafsson.
18:38 of 1st period - William Nylander is hit by Erik Gustafsson and loses puck.
19:00 of 1st period - Icing by Cam Fowler.
19:01 of 1st period - Paul Stastny wins face-off versus Brock McGinn in KANSAS CITY KILLERBEES zone.
19:56 of 1st period - Shot by Artturi Lehkonen.
19:56 of 1st period - Shot Misses the Net.
Goals for this period are 0 for TEXAS TOROS vs 1 for KANSAS CITY KILLERBEES.
Shots for this period are 4 for TEXAS TOROS vs 14 for KANSAS CITY KILLERBEES.

2nd period


0:01 of 2nd period - Sean Couturier wins face-off versus Riley Nash in neutral zone.
0:09 of 2nd period - Icing by Tyson Barrie.
0:10 of 2nd period - Nathan Walker wins face-off versus Charlie Coyle in TEXAS TOROS zone.
0:12 of 2nd period - Icing by Erik Johnson.
0:13 of 2nd period - Sean Couturier wins face-off versus Riley Nash in TEXAS TOROS zone.
0:33 of 2nd period - Minor Penalty to Erik Johnson for Goalie Interference.
0:34 of 2nd period - Paul Stastny wins face-off versus Derek Stepan in TEXAS TOROS zone.
2:50 of 2nd period - Tyler Ennis is hit by Dmitry Kulikov.
3:28 of 2nd period - Icing by Dmitry Kulikov.
3:29 of 2nd period - Johan Larsson wins face-off versus Paul Stastny in TEXAS TOROS zone.
3:29 of 2nd period - Johan Larsson is hit by Marcus Foligno.
4:11 of 2nd period - Shot by Jake Virtanen.
4:11 of 2nd period - Stopped by John Gibson without a rebound.
4:12 of 2nd period - Derek Stepan wins face-off versus Sean Couturier in KANSAS CITY KILLERBEES zone.
4:13 of 2nd period - Shot by Nikolaj Ehlers.
4:13 of 2nd period - Deflect By Derek Stepan.
4:13 of 2nd period - Shot Misses the Net.
4:15 of 2nd period - Shot by Derek Stepan.
4:15 of 2nd period - Stopped by John Gibson with a rebound.
4:17 of 2nd period - Shot by Erik Johnson.
4:17 of 2nd period - Stopped by John Gibson with a rebound.
4:23 of 2nd period - Shot by Nikolaj Ehlers.
4:23 of 2nd period - Shot Blocked by Sean Couturier.
4:25 of 2nd period - Shot by Nikolaj Ehlers.
4:25 of 2nd period - Stopped by John Gibson without a rebound.
4:26 of 2nd period - Charlie Coyle wins face-off versus Alexander Wennberg in KANSAS CITY KILLERBEES zone.
4:30 of 2nd period - Minor Penalty to Jake Virtanen for Interference.
4:31 of 2nd period - Derek Stepan wins face-off versus Sean Couturier in TEXAS TOROS zone.
4:37 of 2nd period - Icing by Mark Stone.
4:38 of 2nd period - Sean Couturier wins face-off versus Derek Stepan in KANSAS CITY KILLERBEES zone.
4:38 of 2nd period - Sean Couturier is hit by Derek Stepan.
4:52 of 2nd period - Shot by Sean Couturier.
4:52 of 2nd period - Goal by Sean Couturier - TEXAS TOROS : 0 - KANSAS CITY KILLERBEES : 2.
4:53 of 2nd period - Alexander Wennberg wins face-off versus Charlie Coyle in neutral zone.
6:39 of 2nd period - Shot by Sean Couturier.
6:39 of 2nd period - Shot Misses the Net.
6:41 of 2nd period - Shot by Jacob Muzzin.
6:41 of 2nd period - Stopped by Cory Schneider without a rebound.
6:42 of 2nd period - Paul Stastny wins face-off versus Nathan Walker in TEXAS TOROS zone.
7:17 of 2nd period - Shot by William Nylander.
7:17 of 2nd period - Stopped by Cory Schneider without a rebound.
7:18 of 2nd period - Alexander Wennberg wins face-off versus Alexander DeBrincat in TEXAS TOROS zone.
7:25 of 2nd period - Shot by Jake Virtanen.
7:25 of 2nd period - Stopped by John Gibson without a rebound.
7:26 of 2nd period - Alexander Wennberg wins face-off versus Ryan Kesler in KANSAS CITY KILLERBEES zone.
7:26 of 2nd period - Alexander Wennberg is hit by Dylan DeMelo.
8:14 of 2nd period - Icing by Dylan DeMelo.
8:15 of 2nd period - Derek Stepan wins face-off versus Ryan Kesler in KANSAS CITY KILLERBEES zone.
8:24 of 2nd period - Shot by Tyson Barrie.
8:24 of 2nd period - Stopped by John Gibson without a rebound.
8:25 of 2nd period - Derek Stepan wins face-off versus Sean Couturier in KANSAS CITY KILLERBEES zone.
8:25 of 2nd period - Derek Stepan is hit by Colin Miller.
8:43 of 2nd period - Shot by Sean Couturier.
8:43 of 2nd period - Shot Misses the Net.
8:45 of 2nd period - Shot by Mark Stone.
8:45 of 2nd period - Shot Misses the Net.
8:47 of 2nd period - Shot by Sean Couturier.
8:47 of 2nd period - Stopped by Cory Schneider without a rebound.
8:48 of 2nd period - Riley Nash wins face-off versus Paul Stastny in TEXAS TOROS zone.
8:48 of 2nd period - Riley Nash is hit by Marcus Foligno.
9:17 of 2nd period - William Nylander is hit by Madison Bowey and loses puck.
9:56 of 2nd period - Shot by Sean Couturier.
9:56 of 2nd period - Goal by Sean Couturier - TEXAS TOROS : 0 - KANSAS CITY KILLERBEES : 3.
9:57 of 2nd period - Derek Stepan wins face-off versus Alexander DeBrincat in neutral zone.
10:17 of 2nd period - Erik Johnson is hit by Sean Couturier.
11:08 of 2nd period - Off-side.
11:09 of 2nd period - Paul Stastny wins face-off versus Alexander Wennberg in neutral zone.
12:01 of 2nd period - Icing by Erik Gustafsson.
12:02 of 2nd period - Alexander Wennberg wins face-off versus Tyler Ennis in TEXAS TOROS zone.
12:17 of 2nd period - Shot by Artturi Lehkonen.
12:17 of 2nd period - Stopped by Cory Schneider with a rebound.
12:31 of 2nd period - Shot by Charlie Coyle.
12:31 of 2nd period - Stopped by Cory Schneider with a rebound.
12:44 of 2nd period - Shot by Tyler Ennis.
12:44 of 2nd period - Deflect By Charlie Coyle.
12:44 of 2nd period - Shot Misses the Net.
13:36 of 2nd period - Shot by Sean Couturier.
13:36 of 2nd period - Stopped by Cory Schneider with a rebound.
13:43 of 2nd period - Icing by Madison Bowey.
13:44 of 2nd period - Paul Stastny wins face-off versus Nick Cousins in TEXAS TOROS zone.
13:45 of 2nd period - Shot by Marcus Foligno.
13:45 of 2nd period - Stopped by Cory Schneider without a rebound.
13:46 of 2nd period - Paul Stastny wins face-off versus Derek Stepan in TEXAS TOROS zone.
13:47 of 2nd period - Shot by William Nylander.
13:47 of 2nd period - Deflect By Paul Stastny.
13:47 of 2nd period - Stopped by Cory Schneider with a rebound.
13:49 of 2nd period - Shot by Jacob Muzzin.
13:49 of 2nd period - Shot Misses the Net.
14:07 of 2nd period - Shot by Derek Stepan.
14:07 of 2nd period - Deflect By Nikolaj Ehlers.
14:07 of 2nd period - Shot Misses the Net.
14:14 of 2nd period - Icing by Paul Stastny.
14:15 of 2nd period - Paul Stastny wins face-off versus Alexander Wennberg in KANSAS CITY KILLERBEES zone.
14:15 of 2nd period - Paul Stastny is hit by Brock McGinn.
14:29 of 2nd period - Erik Gustafsson is hit by Hampus Lindholm.
14:32 of 2nd period - Icing by Jacob Muzzin.
14:33 of 2nd period - Paul Stastny wins face-off versus Riley Nash in KANSAS CITY KILLERBEES zone.
14:44 of 2nd period - Shot by William Nylander.
14:44 of 2nd period - Shot Misses the Net.
14:46 of 2nd period - Shot by Hampus Lindholm.
14:46 of 2nd period - Stopped by Cory Schneider without a rebound.
14:47 of 2nd period - Derek Stepan wins face-off versus Tyler Ennis in TEXAS TOROS zone.
15:17 of 2nd period - Shot by Charlie Coyle.
15:17 of 2nd period - Shot Misses the Net.
15:23 of 2nd period - Shot by Artturi Lehkonen.
15:23 of 2nd period - Shot Blocked by Erik Gustafsson.
15:39 of 2nd period - Shot by Sean Couturier.
15:39 of 2nd period - Stopped by Cory Schneider with a rebound.
15:49 of 2nd period - Shot by Mark Stone.
15:49 of 2nd period - Stopped by Cory Schneider with a rebound.
15:51 of 2nd period - Shot by Dylan DeMelo.
15:51 of 2nd period - Deflect By Sean Couturier.
15:51 of 2nd period - Stopped by Cory Schneider without a rebound.
15:52 of 2nd period - Paul Stastny wins face-off versus Alexander Wennberg in TEXAS TOROS zone.
15:56 of 2nd period - Paul Stastny is hit by Erik Johnson.
15:57 of 2nd period - Minor Penalty to Erik Johnson for Roughing.
15:58 of 2nd period - Derek Stepan wins face-off versus Sean Couturier in TEXAS TOROS zone.
16:09 of 2nd period - Shot by Sean Couturier.
16:09 of 2nd period - Stopped by Cory Schneider without a rebound.
16:10 of 2nd period - Alexander Wennberg wins face-off versus Paul Stastny in TEXAS TOROS zone.
16:51 of 2nd period - Shot by Paul Stastny.
16:51 of 2nd period - Stopped by Cory Schneider with a rebound.
16:55 of 2nd period - Shot by Paul Stastny.
16:55 of 2nd period - Shot Misses the Net.
17:33 of 2nd period - Shot by Sean Couturier.
17:33 of 2nd period - Shot Misses the Net.
17:36 of 2nd period - Sean Couturier is hit by Erik Gustafsson and loses puck.
18:11 of 2nd period - Shot by Charlie Coyle.
18:11 of 2nd period - Shot Misses the Net.
18:12 of 2nd period - Minor Penalty to Erik Johnson for Hooking.
18:13 of 2nd period - Derek Stepan wins face-off versus William Nylander in TEXAS TOROS zone.
18:13 of 2nd period - Nikolaj Ehlers is hit by Mattias Janmark and loses puck.
18:19 of 2nd period - Off-side.
18:20 of 2nd period - Paul Stastny wins face-off versus Derek Stepan in neutral zone.
18:23 of 2nd period - Nikolaj Ehlers is hit by Mattias Janmark and loses puck.
18:44 of 2nd period - Shot by Paul Stastny.
18:44 of 2nd period - Goal by Paul Stastny - TEXAS TOROS : 0 - KANSAS CITY KILLERBEES : 4.
18:45 of 2nd period - Sean Couturier wins face-off versus Johan Larsson in neutral zone.
18:50 of 2nd period - Shot by Mark Stone.
18:50 of 2nd period - Shot Misses the Net.
18:56 of 2nd period - Shot by Mark Stone.
18:56 of 2nd period - Shot Misses the Net.
19:41 of 2nd period - Charlie Coyle is hit by Erik Gustafsson and loses puck.
19:51 of 2nd period - Artturi Lehkonen is hit by David Savard and loses puck.
Goals for this period are 0 for TEXAS TOROS vs 3 for KANSAS CITY KILLERBEES.
Shots for this period are 6 for TEXAS TOROS vs 17 for KANSAS CITY KILLERBEES.

3rd period


0:01 of 3rd period - Alexander Wennberg wins face-off versus Sean Couturier in neutral zone.
0:29 of 3rd period - Shot by Mark Stone.
0:29 of 3rd period - Shot Blocked by Erik Johnson.
1:01 of 3rd period - Icing by Erik Johnson.
1:02 of 3rd period - Charlie Coyle wins face-off versus Brock McGinn in TEXAS TOROS zone.
1:52 of 3rd period - Shot by Nikolaj Ehlers.
1:52 of 3rd period - Stopped by John Gibson without a rebound.
1:53 of 3rd period - Paul Stastny wins face-off versus Riley Nash in KANSAS CITY KILLERBEES zone.
2:04 of 3rd period - Shot by William Nylander.
2:04 of 3rd period - Stopped by Cory Schneider without a rebound.
2:05 of 3rd period - Sean Couturier wins face-off versus Johan Larsson in TEXAS TOROS zone.
2:31 of 3rd period - Off-side.
2:32 of 3rd period - Paul Stastny wins face-off versus Derek Stepan in neutral zone.
2:45 of 3rd period - Minor Penalty to David Savard for Hooking.
2:46 of 3rd period - Derek Stepan wins face-off versus Sean Couturier in TEXAS TOROS zone.
3:48 of 3rd period - Icing by Paul Stastny.
3:49 of 3rd period - Derek Stepan wins face-off versus Paul Stastny in KANSAS CITY KILLERBEES zone.
4:39 of 3rd period - Icing by Paul Stastny.
4:40 of 3rd period - Paul Stastny wins face-off versus Derek Stepan in KANSAS CITY KILLERBEES zone.
5:04 of 3rd period - Shot by Tyler Ennis.
5:04 of 3rd period - Deflect By Charlie Coyle.
5:04 of 3rd period - Shot Misses the Net.
5:06 of 3rd period - Shot by Tyler Ennis.
5:06 of 3rd period - Deflect By Artturi Lehkonen.
5:06 of 3rd period - Shot Misses the Net.
5:08 of 3rd period - Shot by Cam Fowler.
5:08 of 3rd period - Deflect By Tyler Ennis.
5:08 of 3rd period - Shot Misses the Net.
5:34 of 3rd period - David Savard is hit by Tyler Ennis and loses puck.
5:44 of 3rd period - Off-side.
5:45 of 3rd period - Derek Stepan wins face-off versus Alexander DeBrincat in neutral zone.
6:25 of 3rd period - Shot by Mark Stone.
6:25 of 3rd period - Shot Blocked by Erik Johnson.
6:27 of 3rd period - Shot by Mark Stone.
6:27 of 3rd period - Stopped by Cory Schneider with a rebound.
8:37 of 3rd period - Tyler Ennis is hit by Erik Gustafsson and loses puck.
9:02 of 3rd period - Shot by Mark Stone.
9:02 of 3rd period - Shot Misses the Net.
9:18 of 3rd period - Shot by Sean Couturier.
9:18 of 3rd period - Shot Blocked by Johan Larsson.
9:20 of 3rd period - Shot by Sean Couturier.
9:20 of 3rd period - Stopped by Cory Schneider with a rebound.
9:22 of 3rd period - Shot by Sean Couturier.
9:22 of 3rd period - Stopped by Cory Schneider without a rebound.
9:23 of 3rd period - Ryan Kesler wins face-off versus Alexander Wennberg in TEXAS TOROS zone.
9:38 of 3rd period - Shot by Ryan Kesler.
9:38 of 3rd period - Shot Blocked by Dmitry Kulikov.
9:40 of 3rd period - Shot by Cam Fowler.
9:40 of 3rd period - Stopped by Cory Schneider without a rebound.
9:41 of 3rd period - Derek Stepan wins face-off versus Paul Stastny in TEXAS TOROS zone.
10:14 of 3rd period - Shot by Paul Stastny.
10:14 of 3rd period - Stopped by Cory Schneider with a rebound.
10:34 of 3rd period - Shot by Alexander Wennberg.
10:34 of 3rd period - Shot Misses the Net.
10:46 of 3rd period - Shot by Brock McGinn.
10:46 of 3rd period - Shot Blocked by Hampus Lindholm.
10:48 of 3rd period - Shot by Dmitry Kulikov.
10:48 of 3rd period - Stopped by John Gibson with a rebound.
11:06 of 3rd period - Shot by Brock McGinn.
11:06 of 3rd period - Stopped by John Gibson without a rebound.
11:07 of 3rd period - Johan Larsson wins face-off versus Charlie Coyle in KANSAS CITY KILLERBEES zone.
12:46 of 3rd period - Icing by Mark Stone.
12:47 of 3rd period - Sean Couturier wins face-off versus Derek Stepan in KANSAS CITY KILLERBEES zone.
12:51 of 3rd period - Sean Couturier is hit by David Savard and loses puck.
13:06 of 3rd period - Shot by Derek Stepan.
13:06 of 3rd period - Stopped by John Gibson without a rebound.
13:07 of 3rd period - Charlie Coyle wins face-off versus Alexander Wennberg in KANSAS CITY KILLERBEES zone.
13:26 of 3rd period - Shot by Jake Virtanen.
13:26 of 3rd period - Stopped by John Gibson without a rebound.
13:27 of 3rd period - Derek Stepan wins face-off versus Paul Stastny in KANSAS CITY KILLERBEES zone.
13:27 of 3rd period - Nikolaj Ehlers is hit by Dylan DeMelo and loses puck.
13:33 of 3rd period - Minor Penalty to David Savard for Hooking.
13:34 of 3rd period - Derek Stepan wins face-off versus Sean Couturier in TEXAS TOROS zone.
13:45 of 3rd period - Shot by Mark Stone.
13:45 of 3rd period - Shot Misses the Net.
13:47 of 3rd period - Shot by Jacob Muzzin.
13:47 of 3rd period - Shot Blocked by Erik Gustafsson.
13:53 of 3rd period - Shot by Mark Stone.
13:53 of 3rd period - Shot Misses the Net.
14:13 of 3rd period - Shot by Sean Couturier.
14:13 of 3rd period - Shot Blocked by Erik Gustafsson.
14:15 of 3rd period - Shot by Mark Stone.
14:15 of 3rd period - Shot Blocked by Madison Bowey.
14:17 of 3rd period - Shot by Jacob Muzzin.
14:17 of 3rd period - Stopped by Cory Schneider without a rebound.
14:18 of 3rd period - Justin Abdelkader wins face-off versus Mattias Janmark in TEXAS TOROS zone.
14:24 of 3rd period - Icing by Paul Stastny.
14:25 of 3rd period - Paul Stastny wins face-off versus Justin Abdelkader in KANSAS CITY KILLERBEES zone.
14:25 of 3rd period - Paul Stastny is hit by Justin Abdelkader.
14:31 of 3rd period - Shot by Paul Stastny.
14:31 of 3rd period - Stopped by Cory Schneider without a rebound.
14:32 of 3rd period - Derek Stepan wins face-off versus Paul Stastny in TEXAS TOROS zone.
16:09 of 3rd period - Shot by Artturi Lehkonen.
16:09 of 3rd period - Shot Misses the Net.
16:11 of 3rd period - Shot by Artturi Lehkonen.
16:11 of 3rd period - Stopped by Cory Schneider without a rebound.
16:12 of 3rd period - Derek Stepan wins face-off versus Sean Couturier in TEXAS TOROS zone.
17:13 of 3rd period - Shot by Jake Virtanen.
17:13 of 3rd period - Stopped by John Gibson without a rebound.
17:14 of 3rd period - Johan Larsson wins face-off versus Paul Stastny in KANSAS CITY KILLERBEES zone.
17:32 of 3rd period - Shot by Paul Stastny.
17:32 of 3rd period - Shot Blocked by Erik Gustafsson.
17:51 of 3rd period - Paul Stastny is hit by David Savard.
17:52 of 3rd period - Paul Stastny from KANSAS CITY KILLERBEES is injured at 17:52 of 3rd period (Bruised Right Arm).
17:53 of 3rd period - Charlie Coyle wins face-off versus Alexander Wennberg in TEXAS TOROS zone.
18:04 of 3rd period - Shot by Tyler Ennis.
18:04 of 3rd period - Shot Misses the Net.
18:06 of 3rd period - Shot by Charlie Coyle.
18:06 of 3rd period - Stopped by Cory Schneider with a rebound.
18:28 of 3rd period - Shot by Tyler Ennis.
18:28 of 3rd period - Shot Blocked by Alexander Wennberg.
18:30 of 3rd period - Shot by Charlie Coyle.
18:30 of 3rd period - Stopped by Cory Schneider without a rebound.
18:31 of 3rd period - Sean Couturier wins face-off versus Derek Stepan in TEXAS TOROS zone.
18:36 of 3rd period - Shot by Sean Couturier.
18:36 of 3rd period - Stopped by Cory Schneider without a rebound.
18:37 of 3rd period - Sean Couturier wins face-off versus Derek Stepan in TEXAS TOROS zone.
18:38 of 3rd period - Shot by Marcus Foligno.
18:38 of 3rd period - Shot Misses the Net.
18:41 of 3rd period - Icing by Nikolaj Ehlers.
18:42 of 3rd period - Sean Couturier wins face-off versus Justin Abdelkader in TEXAS TOROS zone.
19:51 of 3rd period - Shot by Charlie Coyle.
19:51 of 3rd period - Shot Blocked by Erik Gustafsson.
19:53 of 3rd period - Shot by Cam Fowler.
19:53 of 3rd period - Shot Misses the Net.
19:55 of 3rd period - Shot by Tyler Ennis.
19:55 of 3rd period - Shot Misses the Net.
19:57 of 3rd period - Shot by Tyler Ennis.
19:57 of 3rd period - Shot Misses the Net.
19:58 of 3rd period - Minor Penalty to Charlie Coyle for Holding.
19:58 of 3rd period - Minor Penalty to Erik Gustafsson for High sticking.
19:59 of 3rd period - Derek Stepan wins face-off versus Sean Couturier in TEXAS TOROS zone.
19:59 of 3rd period - Derek Stepan is hit by Sean Couturier.
Goals for this period are 0 for TEXAS TOROS vs 0 for KANSAS CITY KILLERBEES.
Shots for this period are 6 for TEXAS TOROS vs 12 for KANSAS CITY KILLERBEES.


AUSTON
MATTHEWS
JOEL
ERIKSSON
MATHEW
BARZAL

EAST COAST

HOCKEY LEAGUE

  • 21.PIT7MAN3
  • 22.ATL3NHW4
  • 23.WOR5PET4
  • 24.3RHI4
  • 25.QUECHI
  • 26.CHALIM
  • 27.TRVLON
  • 28.CHWBAL